 Dungeon Crawl Stone Soup version 0.31-a0-931-g7b59d4eb97 (webtiles) character file.

Game seed: 2745464015512206501

1585 scionoferis the Cleaver (level 8, 0/69 (75) HPs)
             Began as a Minotaur Chaos Knight on Oct 20, 2023.
             Was a Plaything of Xom.
             Slain by a wight
             ... wielding a +0 dagger
              (1 damage)
             ... on level 6 of the Dungeon.
             The game lasted 00:14:27 (5107 turns).

scionoferis the Cleaver (Minotaur Chaos Knight)     Turns: 5107, Time: 00:14:28

HP:   0/69 (75)     AC: -2    Str: 17    XL:     8   Next: 61%
MP:   0/7           EV: 11    Int:  7    God:    Xom [*.....]
Gold: 273           SH:  0    Dex: 12    Spells: 7/7 levels left

rFire   . . .        a - +0 hand axe (chaos)
rCold   . . .        (no shield)
rNeg    . . .        d - +1 leather armour {rPois}
rPois   +            (helmet restricted)
rElec   .            q - +0 cloak
rCorr   .            (no gloves)
SInv    +            (no boots)
Will    .....        r - amulet of guardian spirit
Stlth   ++           y - ring of see invisible
HPRegen 0.00/turn    (no ring)
MPRegen 0.10/turn

%: guardian spirit
@: corroded, inhibited regen, drained
A: horns 2, retaliatory headbutt, camouflage 1, dopey 1, inhibited regeneration,
sturdy frame 1
a: Renounce Religion


You were on level 6 of the Dungeon.
You worshipped Xom.
You were a special plaything of Xom.
You visited 1 branch of the dungeon, and saw 7 of its levels.

You collected 273 gold pieces.


Innate Abilities, Weirdness & Mutations

You have a pair of horns on your head.
You reflexively headbutt those who attack you in melee.
Your skin changes colour to match your surroundings (Stealth+).
You are dopey. (Int -2)
You do not regenerate when monsters are visible.
Your movements are slightly less encumbered by armour. (ER -2)


   Skills:
 + Level 8.4 Fighting
 * Level 11.2 Axes
 - Level 2.4 Armour
 - Level 1.1 Dodging


You had 7 spell levels left.
You didn't know any spells.
Your spell library contained the following spells:

 Spells                   Type           Power      Damage    Failure   Level
 Slow                     Hex            0%         N/A       43%         1
 Confusing Touch          Hex            0%         N/A       82%         3
 Inner Flame              Hex/Fire       0%         N/A       82%         3
 Sigil of Binding         Hex            0%         N/A       82%         3
 Vampiric Draining        Necr           0%         2d6       82%         3
 Yara's Violent Unravell  Hex/Tmut       0%         3d3       100%        5
 Enfeeble                 Hex            0%         N/A       100%        7

Inventory:

Hand Weapons
 a - a +0 hand axe of chaos (weapon)
 b - a +1 hand axe of draining
   (You took it off an orc on level 3 of the Dungeon)
Missiles
 k - 3 javelins
 v - 4 curare-tipped darts
 A - 4 boomerangs
Armour
 d - a +1 leather armour of poison resistance (worn)
   (You found it on level 5 of the Dungeon)
 j - a +0 buckler
   (You found it on level 1 of the Dungeon)
 q - a +0 cloak (worn)
   (You found it on level 5 of the Dungeon)
 u - a +0 cloak
   (You found it on level 3 of the Dungeon)
Jewellery
 o - a ring of wizardry
   (You found it on level 2 of the Dungeon)
 r - an amulet of guardian spirit (around neck)
   (You found it on level 3 of the Dungeon)
 y - a ring of see invisible (left hand)
   (You took it off an orc on level 3 of the Dungeon)
Wands
 x - a wand of polymorph (9)
   (You took it off an orc on level 3 of the Dungeon)
Scrolls
 c - a scroll of butterflies
 g - a scroll of noise
 l - a scroll of torment
 n - 2 scrolls of revelation
 p - a scroll of identify
 w - a scroll of fog
Potions
 e - 3 potions of curing
 f - 2 potions of attraction {unknown}
 h - 2 potions of invisibility {unknown}
 i - 2 potions of might {unknown}
 m - 2 potions of ambrosia {unknown}
 s - 2 potions of cancellation {unknown}
 z - 2 potions of haste {unknown}
 B - a potion of lignification {unknown}

Dungeon Overview and Level Annotations

Branches:
Dungeon (7/15)             Temple (0/1) D:5

Altars:
Dithmenos
Ru
Sif Muna
Uskayaw
Wu Jian

Annotations:
D:6 Grinder
D:7 Joseph

.......#.....J.O...#
.......#..########.#
.......#......####.#
........#.###.##...#
##.#.#..#...#.##.###
#..###.#.##O#
###.###.z.☼#.#.##.#
........##z###.##J######
...####.#@§§##.#...O...# # ....
#.#§§.##h#######.#
#####....>..##z#§§.##.O.J.5...#
...............#.~.############
...........###z#.~.#
............ #.#...# #+########
.......>K..#.#.##### .((.....>#
................#^# ....P....#
.....##...#####.#.# .<.......#


You could see a wight.


Message History

The orc wizard hits you but does no damage.
You hit the orc wizard but do no damage.
The orc wizard is severely wounded.
The orc wizard casts a spell at you. The puff of flame hits you.
* * * LOW HITPOINT WARNING * * *
Xom twists space around you.
Your surroundings suddenly seem different.
A hound comes into view.
Found 12 gold pieces and a war axe.
Found a stone staircase leading up.
Your surroundings suddenly seem different.
You are now a favourite toy of Xom.
The hound moves out of view.
You start resting.
A kobold comes into view. It is wielding a +0 club.
The kobold shouts!
You hear a shout!
The kobold throws a stone.
The stone hits you but does no damage.
You hear a shout! x3
The kobold throws a stone.
The stone hits you.
* * * LOW HITPOINT WARNING * * *
The kobold throws a stone.
The stone hits you but does no damage.
A kobold brigand and a kobold come into view.
The kobold brigand is wielding a +0 club and quivering poisoned darts.
The kobold brigand shouts!
The kobold shouts!
A kobold comes into view. It is wielding a +0 dagger.
The kobold throws a stone.
The stone hits you but does no damage.
A wight and 3 kobolds come into view.
The wight is wielding a +4 flail and carrying a wand of flame.
A kobold is wielding a +0 short sword and quivering poisoned darts.
A wight comes into view. It is wielding a +0 dagger.
The kobold throws a stone.
The stone hits you but does no damage.
The kobold throws a stone.
The stone closely misses you.
The kobold throws a stone.
The stone barely misses you.
The kobold throws a stone.
The stone barely misses you.
Found a stone staircase leading up.
There is a stone staircase leading up here.
Magic restored.
You climb upwards.
Found a book of Debilitation.
There is a stone staircase leading down here.
You start resting.
Xom twists space around you.
Your surroundings suddenly seem different.
An orc priest and 3 orcs come into view.
An orc is wielding a +0 short sword and wearing a +1 leather armour of poison resistance.
The orc shouts! x3; The orc priest shouts!
An orc comes into view. It is wielding a +0 short sword.
The orc shouts!
You hit the orc.
The orc is poisoned.
The orc is lightly wounded.
The orc closely misses you.
You barely miss the orc. You headbutt the orc, but do no damage.
You closely miss the orc. The orc barely misses you.
The orc hits you with a +0 short sword.
You hit the orc.
The orc is moving more slowly.
You headbutt the orc, but do no damage.
The orc is moderately wounded.
You hit the orc. You burn the orc. You hit the orc.
You feel better.
The orc is severely wounded.
You hit the orc.
You kill the orc!
The orc hits you with a +0 short sword.
You catch the helpless orc completely off-guard!
You hit the orc but do no damage. You headbutt the orc, but do no damage.
The orc is severely wounded.
You barely miss the orc. The orc hits you but does no damage.
The orc priest invokes the aid of Beogh against you.
Beogh smites you! The orc misses you.
You hit the orc but do no damage. Your headbutt misses the orc.
You hit the orc.
You kill the orc!
The orc priest looks braver for a moment.
The orc hits you with a +0 short sword.
Unknown command.
You hit the orc but do no damage. Your headbutt misses the orc.
You hit the orc but do no damage.
The orc priest invokes the aid of Beogh against you.
Beogh smites you!
* * * LOW HITPOINT WARNING * * *
The orc closely misses you. You furiously retaliate!
You headbutt the orc!
You kill the orc!
The orc misses you. You furiously retaliate!
You headbutt the orc.
The orc priest invokes the aid of Beogh against you.
You barely resist. The orc closely misses you.
Items here: )) [[.
Xom's power touches on a nearby monster.
The orc evaporates and reforms as a jackal!
The orc priest hits you with a +0 whip.
* * * LOW HITPOINT WARNING * * *
The jackal closely misses you.
You closely miss the orc priest. You closely miss the jackal.
Xom grants you a minor favour.
The orc priest's +0 whip dances into the air!
You are now a toy of Xom.
The orc priest hits you.
* * * LOW HITPOINT WARNING * * *
The jackal misses you.
You barely miss the orc priest. You hit the jackal but do no damage.
The jackal appears confused.
The jackal bites you but does no damage.
The orc priest misses you.
You barely miss the orc priest.
You headbutt the orc priest, but do no damage.
You hit the jackal.
You kill the jackal!
The orc returns to its original shape as it dies.
Your +0 whip completely misses the orc priest.
The orc priest closely misses you.
You hit the orc priest. You burn the orc priest.
The orc priest is lightly wounded.
Your +0 whip hits the orc priest!!
The orc priest dies!
You see here a +0 ring mail.
A - 4 boomerangs (gained 2)
Items here: )) [[ ††.
Items here: )) [[.
You swap places.
Items here: )) [[ ††.
d - a +1 leather armour of poison resistance You start removing your armour.
You continue taking off your +2 leather armour. x4
You finish taking off your +2 leather armour.
You start putting on your armour.
You continue putting on your +1 leather armour of poison resistance. x5
You finish putting on your +1 leather armour of poison resistance.
You feel resistant to poison.
You drop a +2 leather armour.
You start resting.
Magic restored.
You start resting.
Magic restored.
You start resting.
HP restored.
Found a stone staircase leading up and a stone staircase leading down.
There is a stone staircase leading up here.
There is a stone staircase leading down here.
An orc comes into view. It is wielding a +0 club.
The orc shouts!
You hit the orc.
The orc seems to speed up.
You headbutt the orc, but do no damage.
The orc is lightly wounded.
The orc hits you with a +0 club.
You closely miss the orc.
The orc is lightly wounded.
The orc hits you with a +0 club. The orc hits you but does no damage.
You hit the orc. You freeze the orc.
The orc is heavily wounded.
The orc hits you with a +0 club.
You slash the orc!
You kill the orc!
Your +0 whip falls from the air.
Things that are here:
a +0 club; an orc corpse
Found a stone staircase leading down.
There is a stone staircase leading down here.
A dart slug comes into view.
Found a scroll labelled LOCAOG HIUGH.
The dart slug launches a dart at you. The slug dart misses you.
You hit the dart slug.
The dart slug resists with significant effort.
The dart slug is heavily wounded.
The dart slug launches a dart at you. The slug dart misses you.
You slash the dart slug!
You kill the dart slug!
No target in view!
There is a fountain of clear blue water here.
l - a scroll labelled LOCAOG HIUGH
There is a fountain of clear blue water here.
You pick up a book of Debilitation and begin reading...
You add the spells Slow, Sigil of Binding, Vampiric Draining and Confusing Touch to your library.
Found 5 stones.
You see here 5 stones. 2 ufetubi come into view.
Found 5 poisoned darts.
The ufetubus shouts!
The ufetubus shouts!
You hit the ufetubus but do no damage. The ufetubus hits you.
The ufetubus completely misses you.
You closely miss the ufetubus. The ufetubus barely misses you.
You furiously retaliate!
You headbutt the ufetubus. The ufetubus completely misses you.
You hit the ufetubus but do no damage. You hit the ufetubus.
Your headbutt misses the ufetubus.
The ufetubus is moderately wounded.
The ufetubus hits you. The ufetubus closely misses you.
You hit the ufetubus. You headbutt the ufetubus.
The ufetubus is severely wounded.
You hit the ufetubus.
The ufetubus suddenly seems more agile.
The ufetubus hits you but does no damage.
The ufetubus closely misses you. The ufetubus slips past you!
The ufetubus hits you. The ufetubus closely misses you. The ufetubus hits you.
The ufetubus hits you but does no damage.
The ufetubus hits you. The ufetubus closely misses you.
You hit the ufetubus.
You kill the ufetubus!
You miss the ufetubus. The ufetubus barely misses you. You furiously retaliate!
You headbutt the ufetubus!
You kill the ufetubus!
No target in view!
You see here 5 poisoned darts.
q - 5 poisoned darts You open the door.
An ogre and 5 goblins come into view.
The goblin shouts!
You hear a shout!
The goblin shouts! x2; You hear a shout!
The goblin shouts!
You hear a shout!
The goblin shouts!
Found 8 large rocks.
The goblin attacks as it pursues you! The goblin hits you but does no damage.
The goblin attacks as it pursues you! The goblin hits you but does no damage.
You slash the goblin! You burn the goblin.
You kill the goblin!
You hit the goblin.
You kill the goblin!
A goblin comes into view. It is wielding a +0 club.
The goblin shouts!
A goblin comes into view. It is wielding a +0 dagger.
You see here a +0 dagger.
You closely miss the goblin. The goblin hits you with a +0 club.
You slash the goblin!
You kill the goblin!
Your Fighting skill increases to level 6!
You barely miss the goblin. The goblin closely misses you.
You slash the goblin!
You kill the goblin!
You barely miss the goblin. The goblin hits you but does no damage.
You hit the goblin.
The goblin seems to grow stronger.
The goblin is severely wounded.
The goblin closely misses you.
You slash the goblin!
You kill the goblin!
Items here: ))))).
A goblin comes into view. It is wielding a +0 dagger.
Things that are here:
a +0 club; a goblin corpse
Items here: ))))).
Throw: 5 darts (poison)
Press: ? - help, Q - select action, (/) - cycle Shift-Dir - straight line, f - ogre
Aim: an ogre, wielding a +0 giant club (73% to hit)
You throw a poisoned dart. The poisoned dart hits the ogre.
The ogre is poisoned.
Unknown command.
Throw: 4 darts (poison)
Press: ? - help, Q - select action, (/) - cycle Shift-Dir - straight line, f/p - ogre
Aim: an ogre, wielding a +0 giant club (lightly wounded, poisoned, 73% to hit)
You throw a poisoned dart. The poisoned dart hits the ogre.
The ogre is lightly wounded.
Unknown command.
Throw: 3 darts (poison)
Press: ? - help, Q - select action, (/) - cycle Shift-Dir - straight line, f/p - ogre
Aim: an ogre, wielding a +0 giant club (lightly wounded, poisoned, 73% to hit)
You throw a poisoned dart. The poisoned dart hits the ogre.
The ogre is lightly wounded.
The goblin shouts!
You slash the ogre! You burn the ogre.
The ogre is heavily wounded.
The ogre looks more healthy.
The ogre barely misses you. You furiously retaliate!
You headbutt the ogre.
The goblin shouts!
You hit the ogre.
The ogre is heavily wounded.
You completely miss the ogre. You headbutt the ogre!
The ogre is almost dead.
The ogre barely misses you.
You barely miss the ogre. You headbutt the ogre.
You punch the ogre, but do no damage.
The ogre is almost dead.
The ogre misses you.
You slash the ogre! You burn the ogre.
You kill the ogre!
Your Axes skill increases to level 8!
You slash the goblin!
You kill the goblin!
You hit the goblin. You freeze the goblin.
You kill the goblin!
Items here: ))) ††.
You hit the goblin. You burn the goblin.
The goblin is heavily wounded.
The goblin closely misses you. You furiously retaliate!
You headbutt the goblin.
You kill the goblin!
No target in view!
No target in view!
q - 3 poisoned darts (gained 1)
You see here a +0 club.
q - 4 poisoned darts (gained 1)
q - 5 poisoned darts (gained 1)
Things that are here:
a +0 club; a goblin corpse
There is an open door here.
You now have 248 gold pieces (gained 11).
Found a stone staircase leading up.
A black bear comes into view.
There is a stone staircase leading up here.
You climb upwards.
There is a stone staircase leading down here.
An adder comes into view.
A hobgoblin comes into view.
Found a stone staircase leading down.
The hobgoblin shouts!
The adder hisses angrily.
The hobgoblin hits you.
You closely miss the hobgoblin. The hobgoblin hits you.
The adder bites you but does no damage.
You miss the adder. You hit the hobgoblin.
You kill the hobgoblin!
The adder barely misses you.
You hit the adder but do no damage. The adder barely misses you.
You barely miss the adder. The adder bites you but does no damage.
You completely miss the adder. The adder bites you.
You miss the adder. The adder completely misses you.
You slash the adder! Lightning courses through the adder!
You kill the adder!
You have reached level 7!
Magic restored.
HP restored.
A jackal comes into view.
A jackal comes into view.
The jackal barks! x2
The jackal bites you but does no damage.
You hit the jackal.
The jackal is almost dead.
The jackal closely misses you.
You hit the jackal.
You kill the jackal!
You miss the jackal. The jackal closely misses you.
You closely miss the jackal. The jackal bites you.
You miss the jackal.
You headbutt the jackal, but do no damage.
The jackal closely misses you.
The jackal bites you but does no damage.
You hit the jackal but do no damage.
The jackal bites you but does no damage.
You hit the jackal but do no damage.
The jackal seems to speed up.
You headbutt the jackal.
The jackal is severely wounded.
The jackal barely misses you.
The jackal bites you but does no damage.
You hit the jackal.
You kill the jackal!
No target in view!
e - 3 blue potions (gained 1)
A goblin comes into view. It is wielding a +0 dagger.
A goblin is nearby!
The helpless goblin fails to defend itself.
You hit the goblin. You burn the goblin.
You kill the goblin!
No target in view!
You see here a +0 dagger.
p - 3 scrolls of identify (gained 1)
w - a scroll labelled JERITA PELAW No target in view!
Found a tower shield.
Found a stone staircase leading down.
You see here a +0 flail of protection.
You see here a +0 tower shield.
You see here a +0 flail of protection.
You now have 256 gold pieces (gained 8).
Items here: ( )))) [.
Xom's attention almost turns to you for a moment.
Your eyebrows briefly feel incredibly bushy.
Things that are here:
a +0 robe; a +0 dagger
Things that are here:
a +0 leather armour; a +2 dagger of venom You see here a +0 short sword.
Done exploring.
Done exploring.
Search for what [Enter for "d:", or ? for help]? ax Unknown command.
You see here a +0 whip.
You see here a +0 tower shield.
There is a stone staircase leading down here.
Unknown command.
You climb downwards.
Found an escape hatch in the floor.
There is a stone staircase leading up here.
The ogre shouts!
You hear an angry hiss.
You hear a shout!
The ogre barely misses you.
You hear a shout!
You barely miss the ogre.
An adder comes into view.
The ogre misses you.
You hit the ogre. You freeze the ogre. You headbutt the ogre!
The ogre is heavily wounded.
You hit the ogre but do no damage.
The ogre is heavily wounded.
The ogre hits you with a +0 giant spiked club!!
You are too injured to fight recklessly!
You are too injured to fight recklessly!
You are too injured to fight recklessly!
You barely miss the ogre.
The ogre is heavily wounded.
You hit the ogre. Lightning courses through the ogre!
You kill the ogre!
The adder bites you but does no damage. The adder barely misses you.
Things that are here:
a +0 giant spiked club; an ogre corpse You completely miss the adder.
The adder barely misses you.
You slash the adder!
The adder is poisoned.
The adder is severely wounded.
You kill the adder!
You see here an adder corpse.
Things that are here:
a +0 giant spiked club; an ogre corpse Magic restored.
HP restored.
An ogre comes into view. It is wielding a +0 giant spiked club.
Throw: 5 darts (poison)
Press: ? - help, Q - select action, (/) - cycle Shift-Dir - straight line, f - ogre
Aim: an ogre, wielding a +0 giant spiked club (asleep, 98% to hit)
You throw a poisoned dart. The poisoned dart hits the ogre.
The ogre is poisoned.
The ogre shouts!
Throw: 4 darts (poison)
Press: ? - help, Q - select action, (/) - cycle Shift-Dir - straight line, f/p - ogre
Aim: an ogre, wielding a +0 giant spiked club (poisoned, 73% to hit)
You throw a poisoned dart. The poisoned dart hits the ogre.
Unknown command.
Throw: 3 darts (poison)
Press: ? - help, Q - select action, (/) - cycle Shift-Dir - straight line, f/p - ogre
Aim: an ogre, wielding a +0 giant spiked club (lightly wounded, poisoned, 73% to hit)
You throw a poisoned dart.
The poisoned dart completely misses the ogre.
Throw: 2 darts (poison)
Press: ? - help, Q - select action, (/) - cycle Shift-Dir - straight line, f/p - ogre
Aim: an ogre, wielding a +0 giant spiked club (lightly wounded, poisoned, 73% to hit)
You throw a poisoned dart. The poisoned dart hits the ogre.
The ogre is lightly wounded.
Throw: dart (poison)
Press: ? - help, Q - select action, (/) - cycle Shift-Dir - straight line, f/p - ogre
Aim: an ogre, wielding a +0 giant spiked club (lightly wounded, poisoned, 73% to hit)
You throw a poisoned dart. The poisoned dart hits the ogre.
The ogre looks even sicker.
The ogre is lightly wounded.
You closely miss the ogre. You headbutt the ogre.
The ogre is moderately wounded.
The ogre hits you with a +0 giant spiked club!!
You hit the ogre but do no damage.
The ogre is moderately wounded.
The ogre barely misses you.
You closely miss the ogre. You headbutt the ogre!
The ogre is severely wounded.
You hit the ogre but do no damage. Your headbutt misses the ogre.
The ogre is severely wounded.
A scorpion comes into view.
The ogre hits you with a +0 giant spiked club.
You barely miss the ogre.
The ogre is severely wounded.
You hit the ogre.
The ogre is severely wounded.
The ogre misses you.
You hit the ogre. You freeze the ogre.
The ogre is almost dead.
The ogre hits you with a +0 giant spiked club!!
* * * LOW HITPOINT WARNING * * *
You hit the ogre. Lightning courses through the ogre!
You kill the ogre!
Xom's power flows through you!
You swap places.
The scorpion misses your rat.
Your rat closely misses the scorpion.
The scorpion stings your rat.
Your rat dies!
Your rat's corpse disappears in a puff of smoke!
There is a stone staircase leading up here.
You hit the scorpion. You headbutt the scorpion.
The scorpion is heavily wounded.
The scorpion misses you.
You barely miss the scorpion.
The scorpion is heavily wounded.
The scorpion closely misses you.
You hit the scorpion.
You feel better.
Your headbutt misses the scorpion.
The scorpion is severely wounded.
The scorpion stings you but does no damage.
You hit the scorpion but do no damage.
The scorpion suddenly seems more agile.
Xom thinks this is hilarious!
You headbutt the scorpion.
The scorpion is almost dead.
The scorpion barely misses you.
You miss the scorpion. Your headbutt misses the scorpion.
The scorpion is almost dead.
The scorpion barely misses you. You furiously retaliate!
You headbutt the scorpion!
You kill the scorpion!
Your Axes skill increases to level 9!
You climb upwards.
There is a stone staircase leading down here.
You start resting.
Magic restored.
You start resting.
Magic restored.
You start resting.
HP restored.
You climb downwards.
There is a stone staircase leading up here.
Xom's power almost touches on you for a moment.
Your leather armour briefly grows fur, then returns to normal.
HP restored.
Found a scale mail and a cloak.
Found a scroll of identify.
The black bear growls angrily.
Found an escape hatch in the ceiling.
Unknown command.
You hit the black bear but do no damage.
The black bear misses you. You furiously retaliate!
You headbutt the black bear! The black bear claws you.
The black bear claws you but does no damage.
You hit the black bear but do no damage.
The black bear suddenly seems more agile.
You headbutt the black bear!
The black bear is severely wounded.
The black bear bites you but does no damage.
The black bear closely misses you.
The black bear claws you but does no damage.
You hit the black bear. You burn the black bear.
The black bear is almost dead.
The black bear goes berserk!
You hit the black bear.
The black bear is poisoned.
The black bear is almost dead.
You kill the black bear!
Your Fighting skill increases to level 7!
You see here a black bear corpse.
You see here a +0 cloak.
q - a +0 cloak You start removing your armour.
You continue taking off your +0 cloak. x4
You finish taking off your +0 cloak.
You start putting on your armour.
You continue putting on your +0 cloak. x5
You finish putting on your +0 cloak.
You now have 268 gold pieces (gained 12).
p - 4 scrolls of identify (gained 1)
B - a poisoned dart
B - 2 poisoned darts (gained 1)
B - 3 poisoned darts (gained 1)
B - 4 poisoned darts (gained 1)
Found an amulet of guardian spirit.
As you read the scroll of identify, it crumbles to dust.
e - 3 potions of curing
As you read the scroll of identify, it crumbles to dust.
l - a scroll of torment
As you read the scroll of identify, it crumbles to dust.
w - a scroll of fog You see here an amulet of guardian spirit.
A quokka comes into view.
The quokka moves out of view.
A black bear comes into view.
The black bear growls angrily.
You hear an angry growl.
The quokka bites you but does no damage.
You hit the quokka. Your headbutt misses the quokka.
The quokka is severely wounded.
The quokka bites you but does no damage.
You barely miss the quokka.
The quokka is severely wounded.
The quokka barely misses you.
You miss the quokka.
The quokka is severely wounded.
The quokka barely misses you.
You hit the quokka.
The quokka is almost dead.
The quokka misses you.
You closely miss the quokka.
The quokka is almost dead.
The quokka completely misses you.
You hit the quokka. You burn the quokka.
You kill the quokka!
You slash the black bear! You drain the black bear.
You headbutt the black bear, but do no damage.
The black bear is heavily wounded.
The black bear bites you. The black bear claws you.
The black bear claws you but does no damage.
You hit the black bear.
The black bear is severely wounded.
The black bear bites you but does no damage.
The black bear claws you but does no damage. x2
You hit the black bear.
The black bear is poisoned.
The black bear is severely wounded.
You closely miss the black bear.
The black bear is severely wounded.
The black bear goes berserk!
You hit the black bear.
The black bear is severely wounded.
The black bear barely misses you. The black bear claws you.
The black bear barely misses you.
A hound comes into view.
The black bear closely misses you. You furiously retaliate!
You headbutt the black bear. The black bear barely misses you.
The black bear claws you but does no damage.
The hound barks!
You hit the black bear but do no damage.
The black bear is almost dead.
The black bear barely misses you. You furiously retaliate!
You headbutt the black bear!
You kill the black bear!
The hound pauses to sniff the ground.
The hound stops to sniff the ground.
A black bear comes into view.
You barely miss the hound.
The black bear growls angrily.
Your headbutt misses the hound. The hound bites you but does no damage.
You slash the hound!
The hound seems to slow down.
Your headbutt misses the hound.
The hound is heavily wounded.
The hound bites you.
You hit the hound.
You feel better.
The hound is severely wounded.
You hit the hound but do no damage. Your headbutt misses the hound.
The hound is severely wounded.
The hound barely misses you. You furiously retaliate!
You headbutt the hound!
You kill the hound!
You are now a special plaything of Xom.
You hit the black bear. You headbutt the black bear!
The black bear is heavily wounded.
The black bear completely misses you. You furiously retaliate!
You headbutt the black bear. The black bear claws you.
The black bear barely misses you.
You slash the black bear!
The black bear is poisoned.
You headbutt the black bear.
You kill the black bear!
You have reached level 8!
You feel stronger.
A centaur comes into view.
You hit the centaur.
The centaur is moderately wounded.
The centaur hits you. The centaur barely misses you.
You closely miss the centaur.
The centaur is moderately wounded.
The centaur hits you. The centaur closely misses you.
You hit the centaur.
The centaur is moderately wounded.
The centaur hits you.
The centaur kicks you but does no damage.
The centaur hits you but does no damage.
The centaur kicks you but does no damage.
You hit the centaur. You burn the centaur.
The centaur is heavily wounded.
The centaur barely misses you.
The centaur kicks you but does no damage.
You barely miss the centaur.
You punch the centaur, but do no damage.
The centaur is heavily wounded.
The centaur barely misses you. You furiously retaliate!
You headbutt the centaur!
You kill the centaur!
Your Axes skill increases to level 10!
Magic restored.
You see here a +0 orcbow.
A gnoll comes into view. It is wielding a +0 club.
The gnoll shouts!
Unknown command.
Unknown command.
You hit the gnoll.
The gnoll is poisoned.
You headbutt the gnoll!
The gnoll is heavily wounded.
The gnoll hits you with a +0 club.
You hit the gnoll. You burn the gnoll.
You kill the gnoll!
You now have 273 gold pieces (gained 5).
Things that are here:
a +0 club; a gnoll corpse A gnoll comes into view.
It is wielding a +0 club.
The gnoll shouts!
You hear a shout!
A gnoll comes into view. It is wielding a +0 whip.
A gnoll comes into view. It is wielding a +0 club.
The gnoll throws a stone.
The stone closely misses you.
The gnoll shouts!
You hit the gnoll but do no damage. Your headbutt misses the gnoll.
The gnoll hits you with a +0 club.
You slash the gnoll!
The gnoll is poisoned.
Your headbutt misses the gnoll. Your punch misses the gnoll.
The gnoll is severely wounded.
You hit the gnoll. You drain the gnoll.
You kill the gnoll!
You slash the gnoll! You burn the gnoll.
You headbutt the gnoll, but do no damage.
The gnoll is almost dead.
The gnoll hits you with a +0 club.
You closely miss the gnoll. You headbutt the gnoll.
You kill the gnoll!
The gnoll throws a throwing net.
The throwing net hits you.
You become entangled in the net!
You struggle against the net.
You struggle against the net.
You struggle against the net.
You shred the net and break free! The gnoll barely misses you.
Items here: ( )) †.
The gnoll barely misses you.
You hit the gnoll. You burn the gnoll. Your headbutt misses the gnoll.
The gnoll is moderately wounded.
The gnoll hits you with a +0 whip.
You barely miss the gnoll.
The gnoll is moderately wounded.
You closely miss the gnoll.
The gnoll is moderately wounded.
The gnoll hits you with a +0 whip.
An orc comes into view. It is wielding a +0 whip.
The orc shouts!
You slash the gnoll!
The gnoll seems to speed up.
Your headbutt misses the gnoll.
The gnoll is severely wounded.
The gnoll hits you with a +0 whip.
You slash the gnoll!
You kill the gnoll!
Things that are here:
a +0 whip; a throwing net; a gnoll corpse You closely miss the orc.
You headbutt the orc, but do no damage. The orc barely misses you.
You completely miss the orc. You closely miss the orc.
Your headbutt misses the orc. The orc hits you with a +0 whip.
You barely miss the orc. The orc misses you.
You hit the orc.
The orc is lightly wounded.
The orc closely misses you.
You hit the orc. You headbutt the orc.
The orc is heavily wounded.
The orc hits you with a +0 whip.
You slash the orc!
You kill the orc!
Things that are here:
a +0 whip; a +0 leather armour; an orc corpse
C - a throwing net
Things that are here:
a +0 whip; a gnoll corpse
Things that are here:
a +0 whip; a +0 leather armour; an orc corpse
Found 5 stones.
A scorpion comes into view.
You closely miss the scorpion. The scorpion stings you.
You closely miss the scorpion. The scorpion misses you.
You hit the scorpion. You burn the scorpion.
The scorpion is heavily wounded.
The scorpion barely misses you.
You slash the scorpion!
Space warps horribly around the scorpion!
You kill the scorpion!
No target in view!
Found a leather armour.
You see here a +0 leather armour.
There is an escape hatch in the ceiling here.
t - 3 orange potions (gained 1)
You see here an amulet of guardian spirit.
You see here a +0 orcbow.
Xom's power touches on you for a moment.
You feel drained.
Found a staircase to the Ecumenical Temple.
Done exploring.
Done exploring.
There is a fountain of clear blue water here.
There is a stone staircase leading down here.
You climb downwards.
Level annotation: Grinder The kobold throws a stone.
The stone closely misses you.
There is a stone staircase leading up here.
The kobold throws a stone.
The stone barely misses you.
The kobold throws a stone.
The stone barely misses you.
You hit the kobold but do no damage. You drain the kobold.
You kill the kobold!
You closely miss the kobold.
The kobold throws a stone.
The stone hits you but does no damage. The kobold hits you with a +0 whip.
You hit the kobold. You burn the kobold. Your headbutt misses the kobold.
The kobold is severely wounded.
You hit the kobold but do no damage.
The kobold is severely wounded.
The kobold hits you but does no damage.
You hit the kobold but do no damage. Your headbutt misses the kobold.
The kobold is severely wounded.
The kobold hits you with a +0 whip.
You miss the kobold.
The kobold is severely wounded.
The kobold throws a stone.
The stone closely misses you.
The stone hits the kobold.
The kobold dies!
The kobold hits you but does no damage.
You hit the kobold but do no damage. The kobold hits you but does no damage.
You closely miss the kobold. You slash the kobold!
Lightning courses through the kobold!
You kill the kobold!
No target in view!
Magic restored.
HP restored.
An ogre comes into view. It is wielding a +0 giant spiked club.
The ogre shouts!
Throw: 4 darts (poison)
Press: ? - help, Q - select action, (/) - cycle Shift-Dir - straight line, f - ogre
Aim: an ogre, wielding a +0 giant spiked club (73% to hit)
You throw a poisoned dart. The poisoned dart hits the ogre.
The ogre is poisoned.
Unknown command.
Throw: 3 darts (poison)
Press: ? - help, Q - select action, (/) - cycle Shift-Dir - straight line, f/p - ogre
Aim: an ogre, wielding a +0 giant spiked club (lightly wounded, poisoned, 73% to hit)
You throw a poisoned dart. The poisoned dart hits the ogre.
The ogre looks even sicker.
The ogre is lightly wounded.
Throw: 2 darts (poison)
Press: ? - help, Q - select action, (/) - cycle Shift-Dir - straight line, f/p - ogre
Aim: an ogre, wielding a +0 giant spiked club (lightly wounded, very poisoned, 73% to hit)
You throw a poisoned dart.
The poisoned dart barely misses the ogre.
Throw: dart (poison)
Press: ? - help, Q - select action, (/) - cycle Shift-Dir - straight line, f/p - ogre
Aim: an ogre, wielding a +0 giant spiked club (lightly wounded, very poisoned, 73% to hit)
You throw a poisoned dart. The poisoned dart hits the ogre.
The ogre looks even sicker.
The ogre is lightly wounded.
You slash the ogre! You freeze the ogre.
The ogre is heavily wounded.
The ogre closely misses you.
You slash the ogre! You freeze the ogre.
The ogre is severely wounded.
You slash the ogre! You burn the ogre.
You kill the ogre!
No target in view! "Whee!"
Your surroundings suddenly seem different.
An orc comes into view. It is wielding a +0 short sword.
Found a stone staircase leading down.
Your surroundings suddenly seem different.
The orc moves out of view.
Unknown command.
B - a smoky silvery potion
z - 2 sedimented inky potions (gained 1)
There is an open door here.
The ogre shouts!
You hit the ogre.
The ogre is moving more slowly.
The ogre is lightly wounded.
You hit the ogre.
The ogre is poisoned.
You headbutt the ogre.
The ogre is moderately wounded.
The ogre hits you with a +0 giant club!!
You hear a shout!
You hit the ogre. You drain the ogre.
The ogre is heavily wounded.
You slash the ogre!
The ogre resists with some effort.
You headbutt the ogre.
The ogre is almost dead.
The ogre hits you with a +0 giant club!
* * * LOW HITPOINT WARNING * * *
You catch the helpless ogre completely off-guard!
You hit the ogre.
You kill the ogre!
Your Fighting skill increases to level 8!
A shadow imp is nearby!
There is an open door here.
Press: ? - help, v - describe, . - travel The floor.
Unknown command.
Unknown command.
You close the door.
You start resting.
Something unseen opens the door.
The shadow imp hits you.
* * * LOW HITPOINT WARNING * * *
There is an open door here.
You hit the shadow imp. You burn the shadow imp.
The shadow imp is heavily wounded.
The shadow imp hits you but does no damage.
You barely miss the shadow imp. Your punch misses the shadow imp.
The shadow imp is heavily wounded.
The shadow imp barely misses you.
You hit the shadow imp.
The shadow imp is severely wounded.
The shadow imp hits you but does no damage.
You barely miss the shadow imp.
The shadow imp is severely wounded.
The shadow imp puffs mist at you. The shadow imp barely misses you.
You hit the shadow imp.
You kill the shadow imp!
Things that are here:
a +0 giant club; an ogre corpse
There is an open door here.
You close the door.
You start resting.
Magic restored.
You start resting.
Magic restored.
You start resting.
HP restored.
You open the door.
There is an open door here.
Xom does a drum roll.
A jelly is nearby!
A wight comes into view. It is wielding a +0 short sword.
You slash the jelly!
Your hands burn!
The jelly is severely wounded.
The jelly barely misses you.
You hit the jelly but do no damage.
The jelly is poisoned.
The acid corrodes you!
Your hands burn!
You headbutt the jelly.
The jelly is almost dead.
A wight comes into view. It is wielding a +0 dagger.
The jelly hits you. The acid corrodes you!
You are splashed with acid!
The wight closely misses you. The jelly attacks as it pursues you!
The jelly hits you.
You are splashed with acid!
You kill the jelly!
The wight attacks as it pursues you! The wight hits you with a +0 dagger.
* * * LOW HITPOINT WARNING * * *
You emit a cloud of colourful smoke!
There is an open door here.
The wight attacks as it pursues you! The wight barely misses you.
You furiously retaliate!
You headbutt the wight!
Press: ? - help, v - describe, . - travel
Here: a wight, wielding a +0 dagger and wearing a +0 robe (magical condensation, heavily damaged)
An open door.
Unknown command.
Unknown command.
Unknown command.
Okay, then.
Unknown command.
You hit the wight but do no damage. You headbutt the wight.
The wight is severely damaged.
The wight barely misses you.
You hit the wight but do no damage. Lightning courses through the wight!!
You destroy the wight!
Your life force feels restored.
Press: ? - help, v - describe, . - travel, g - get item
Here: a wight, wielding a +4 flail, wearing a +0 robe and carrying a wand of flame (magical condensation)
Items here: a +0 giant club; an ogre corpse.
The floor, spattered with blood.
Unknown command.
You completely miss the wight. Your headbutt misses the wight.
You hit the wight but do no damage. Your headbutt misses the wight.
The wight hits you with a +4 flail.
* * * LOW HITPOINT WARNING * * *
You hit the wight but do no damage.
The wight seems to slow down.
You hit the wight but do no damage.
The wight is no longer moving slowly.
The wight hits you with a +0 short sword.
* * * LOW HITPOINT WARNING * * *
You feel drained.
* * * LOW HITPOINT WARNING * * *
The wight misses you.
You hit the wight but do no damage. You completely miss the wight.
The wight hits you with a +0 short sword!
* * * LOW HITPOINT WARNING * * *
Unknown command.
It was a potion of heal wounds.
You feel much better. The wight hits you with a +4 flail!
* * * LOW HITPOINT WARNING * * *
The wight hits you with a +0 short sword!
* * * LOW HITPOINT WARNING * * *
You feel much better. The wight hits you with a +4 flail!
* * * LOW HITPOINT WARNING * * *
You feel drained.
* * * LOW HITPOINT WARNING * * *
You emit a cloud of colourful smoke!
The wight hits you with a +0 short sword!
* * * LOW HITPOINT WARNING * * *
You feel drained.
You feel much better.
The wight zaps a wand.
The puff of flame hits you.
The wight hits you with a +0 short sword.
* * * LOW HITPOINT WARNING * * *
You feel drained.
* * * LOW HITPOINT WARNING * * *
Unknown command.
Okay, then.
Unknown command.
Unknown command.
Press: ? - help, v - describe, . - travel
Here: a wight, wielding a +4 flail, wearing a +0 robe and carrying a wand of flame (magical condensation)
The floor.
Unknown command.
Throw: throwing net
Press: ? - help, Q - select action, (/) - cycle Shift-Dir - straight line, f - wight
Aim: a wight, wielding a +4 flail, wearing a +0 robe and carrying a wand of flame (magical condensation, 59% to hit)
You throw a throwing net. The throwing net hits the wight.
The wight is caught in the net!
The wight struggles against the net.
The wight hits you with a +0 short sword.
* * * LOW HITPOINT WARNING * * *
You feel drained.
* * * LOW HITPOINT WARNING * * *
You catch the helpless wight completely off-guard!
You hit the wight but do no damage. x2; The wight struggles against the net.
Unknown command.
You catch the helpless wight completely off-guard!
You hit the wight. You burn the wight. You punch the wight, but do no damage.
The wight is lightly damaged.
You closely miss the wight. The wight barely misses you.
You furiously retaliate!
You headbutt the wight!
The wight struggles against the net.
Unknown command.
You hit the wight.
The wight convulses.
You headbutt the wight.
The wight is severely damaged.
You hit the wight but do no damage. The wight closely misses you.
You furiously retaliate!
You headbutt the wight!
You destroy the wight!
The wight struggles against the net.
Your Axes skill increases to level 11!
You hit the wight but do no damage.
You headbutt the wight, but do no damage.
The wight is severely damaged.
You barely miss the wight. The wight hits you with a +0 dagger!
* * * LOW HITPOINT WARNING * * *
You feel drained.
* * * LOW HITPOINT WARNING * * *
You hit the wight but do no damage.
The wight is devoured by a tear in reality.
You hit the wight but do no damage. You hit the wight.
Your headbutt misses the wight.
The wight is lightly damaged.
The wight hits you with a +0 dagger.
* * * LOW HITPOINT WARNING * * *
You feel drained.
You die...

Skill      XL: |  1  2  3  4  5  6  7  8 |
---------------+-------------------------+-----
Axes           | 4 5 6 7 8 9 11 | 11.2
Fighting       | 4 5 6 7 8 |  8.4
Armour         | |  2.4
Dodging        | |  1.1

Action                     |  1- 3 |  4- 6 |  7- 9 || total
---------------------------+-------+-------+-------++-------
  Melee: Hand axe          |    79 |   143 |   114 ||   336
         Headbutt          |     7 |    19 |    22 ||    48
         Unarmed           |       |     7 |       ||     7
         Punch             |       |     2 |     2 ||     4
  Throw: Dart              |       |     5 |     9 ||    14
         Throwing net      |       |       |     1 ||     1
  Evoke: Wand              |       |     2 |       ||     2
    Use: Scroll            |       |     4 |     3 ||     7
         Potion            |       |       |     3 ||     3
   Stab: Sleeping          |     1 |       |     1 ||     2
         Confused          |       |     1 |       ||     1
         Petrified         |       |     4 |       ||     4
         Petrifying        |       |     1 |     1 ||     2
         Held in net/web   |       |       |     2 ||     2
 Armour: Leather armour    |    38 |    99 |    70 ||   207
         Skin              |       |     8 |       ||     8
  Dodge: Dodged            |    46 |    96 |    54 ||   196

Levels and vault maps discovered:
D:1:      lightli_arrival_flooded_house, layout_basic,
          chequers_serial_rivers_micro_e, palyth_stone_intersect
D:2:      layout_rooms, minmay_pentomino_o2
D:3:      layout_loops_ring, amcnicky_altar_gilded, nicolae_ru_path_of_blood,
          shapermc_ecumenical_altar_venn, item_on_display_b
D:4:      layout_rooms, nicolae_dithmenos_the_darkroom
D:5:      layout_loops_ring, minmay_temple_entry_nine_rooms,
          nicolae_eternal_life, minmay_ogre_servants
D:6:      layout_basic, mainiacjoe_overflow_catwalk_spiral, dk_vineyard_2,
          uniq_grinder
D:7:      layout_loops_corners, nicolae_gozag_cash_rules_everything_around_me,
          serial_shops, nicolae_shop_just_a_little_nook, nrook_mini_vaults,
          uniq_joseph

Notes
Turn   | Place    | Note
-------+----------+-------------------------------------------
     0 | D:1      | scionoferis the Minotaur Chaos Knight began the quest for
                  | the Orb.
     0 | D:1      | Reached XP level 1. HP: 19/19 MP: 0/0
    11 | D:1      | XOM: potion effect (attraction)
    99 | D:1      | Reached skill level 4 in Axes
   136 | D:1      | Reached XP level 2. HP: 27/27 MP: 1/1
   261 | D:1      | Reached skill level 4 in Fighting
   331 | D:1      | XOM: noise
   768 | D:1      | XOM: give mutation
   768 | D:1      | Gained mutation: You do not regenerate when monsters are
                  | visible. [Xom's mischief]
   810 | D:2      | Reached XP level 3. HP: 33/33 MP: 2/2
   878 | D:2      | Reached skill level 5 in Axes
  1272 | D:2      | XOM is BORED!
  1312 | D:2      | Reached XP level 4. HP: 36/41 MP: 3/3
  1406 | D:3      | Found a shimmering blue altar of Sif Muna.
  1749 | D:3      | Found a faded altar of an unknown god.
  1983 | D:3      | Found a sacrificial altar of Ru.
  2037 | D:3      | XOM: god gift: 4 curare-tipped darts
  2165 | D:4      | XOM: confuse monster(s)
  2168 | D:4      | Reached skill level 6 in Axes
  2168 | D:4      | Reached XP level 5. HP: 44/47 MP: 4/4
  2171 | D:4      | Reached skill level 5 in Fighting
  2202 | D:4      | HP: 11/44 [orc/+1 hand axe of draining (3)]
  2391 | D:4      | HP: 10/43 [poisoned by an orc]
  2396 | D:4      | HP: 6/43 [poisoned by an orc]
  2600 | D:4      | Found a shadowy altar of Dithmenos.
  2600 | D:4      | XOM: 3-stop teleportation journey
  2647 | D:4      | You fall into a shaft and drop 3 floors!
  2690 | D:7      | Noticed a steam dragon
  2690 | D:7      | Noticed a sky beast
  2709 | D:7      | XOM: cast spell 'Death Channel'
  2711 | D:7      | XOM: stat loss: -1 Str (15/16)
  2713 | D:7      | Noticed Joseph
  2719 | D:7      | HP: 9/45 [Joseph/sling bullet (4)]
  2725 | D:6      | XOM: polymorph sleepcap -> sleepcap
  2738 | D:6      | Found an ornate altar of the Wu Jian Council.
  2741 | D:6      | Found a hide-covered altar of Uskayaw.
  2743 | D:6      | Noticed an ogre
  2765 | D:6      | XOM: cast spell 'Metabolic Englaciation'
  2774 | D:6      | Noticed Grinder
  2779 | D:6      | XOM: noise
  2807 | D:6      | XOM: swap monsters
  2813 | D:6      | XOM: give mutations
  2813 | D:6      | Gained mutation: Your movements are slightly less
                  | encumbered by armour. (ER -2) [Xom's mischief]
  2813 | D:6      | Gained mutation: Your skin changes colour to match your
                  | surroundings (Stealth+). [Xom's mischief]
  2813 | D:6      | Gained mutation: You are dopey. (Int -2) [Xom's mischief]
  2832 | D:6      | Reached skill level 7 in Axes
  2832 | D:6      | Reached XP level 6. HP: 25/55 MP: 5/5
  2874 | D:6      | HP: 10/57 [orc wizard/magic dart (6)]
  2879 | D:6      | XOM: 2-stop teleportation journey
  2889 | D:6      | HP: 5/57 [kobold/stone (2)]
  2926 | D:5      | Entered Level 5 of the Dungeon
  3038 | D:5      | XOM: 1-stop teleportation journey
  3048 | D:5      | XOM: polymorph orc -> jackal
  3049 | D:5      | HP: 14/57 [orc priest (1)]
  3412 | D:5      | Reached skill level 6 in Fighting
  3437 | D:5      | Reached skill level 8 in Axes
  3530 | D:4      | Reached XP level 7. HP: 55/63 MP: 4/6
  3767 | D:4      | XOM: silly message
  4015 | D:5      | HP: 6/64 [ogre/+0 giant spiked club (27)]
  4018 | D:5      | XOM: cast spell 'Summon Small Mammal'
  4036 | D:5      | Reached skill level 9 in Axes
  4189 | D:5      | XOM: silly message
  4237 | D:5      | Reached skill level 7 in Fighting
  4366 | D:5      | Reached XP level 8. HP: 62/73 MP: 5/7
  4388 | D:5      | Reached skill level 10 in Axes
  4771 | D:5      | XOM: draining
  4830 | D:5      | Found a staircase to the Ecumenical Temple.
  4931 | D:6      | XOM: 2-stop teleportation journey
  4948 | D:6      | Reached skill level 8 in Fighting
  5075 | D:6      | XOM: noise
  5089 | D:6      | XOM: smoke on damage
  5097 | D:6      | HP: 11/73 [wight/+0 short sword (10)]
  5099 | D:6      | XOM: smoke on damage
  5105 | D:6      | Reached skill level 11 in Axes
  5105 | D:6      | HP: 9/69 [wight/+0 dagger (7)]
  5107 | D:6      | HP: 1/70 [wight/+0 dagger (5)]
  5107 | D:6      | Slain by a wight

Vanquished Creatures
  5 ogres (D:5 D:6)
  3 black bears (D:5)
  A centaur (D:5)
  A bullfrog (D:6)
  2 scorpions (D:5)
  2 wights (D:6)
  A hound (D:5)
  A jelly (D:6)
  An orc priest (D:4)
  4 orc wizards (D:4)
  4 gnolls (D:5)
  6 adders (D:2 D:3 D:4 D:5)
  A shadow imp (D:6)
  A white imp (D:6)
  2 ufetubi (D:5)
  3 worms (D:2)
  2 dart slugs (D:1 D:5)
  19 orcs (D:3 D:4 D:6 D:5)
  7 ball pythons (D:1 D:2 D:3)
  5 bats (D:2 D:3)
  An endoplasm (D:1)
  4 giant cockroaches (D:1 D:2 D:3)
  17 goblins (D:1 D:2 D:3 D:4 D:5)
  9 hobgoblins (D:1 D:2 D:3 D:4)
  6 jackals (D:2 D:5 D:4)
  6 quokkas (D:1 D:2 D:3 D:5)
  7 frilled lizards (D:1 D:2 D:3)
  4 kobolds (D:1 D:3 D:6)
  6 rats (D:1 D:2)
131 creatures vanquished.

Vanquished Creatures (collateral kills)
  A howler monkey (D:6)
  An orc priest (D:5)
2 creatures vanquished.

Vanquished Creatures (others)
  A kobold (D:6)
1 creature vanquished.

Grand Total: 134 creatures vanquished

Table legend: (Time is in decaauts)
 A = Elapsed time spent in this place.
 B = Non-inter-level travel time spent in this place.
 C = Inter-level travel time spent in this place.
 D = Time resting spent in this place.
 E = Time spent auto-exploring this place.
 F = Levels seen in this place.
 G = Mean time per level.
                   A        B        C        D        E       F      G
               +--------+--------+--------+--------+--------+-----+--------+
         Total |   5088 |   4877 |    211 |    573 |   3224 |   7 |  726.9 |
       Dungeon |   5088 |   4877 |    211 |    573 |   3224 |   7 |  726.9 |
               +--------+--------+--------+--------+--------+-----+--------+

Top non-repeatable levels by time:
     D:5: 1421 daAuts
     D:3: 957 daAuts
     D:4: 851 daAuts
     D:1: 811 daAuts
     D:2: 532 daAuts
     D:6: 437 daAuts
     D:7: 75 daAuts

Table legend:
 A = Non-vault XP
 B = Vault XP
 C = Vault XP percentage of total XP
 D = Non-vault monster count
 E = Vault monster count
 F = Vault count percentage of total count
                 A         B        C        D         E       F
            +---------+---------+-------+---------+---------+-------
      Total |    2123 |     142 |   6.3 |     124 |      10 |   7.5
            +---------+---------+-------+---------+---------+-------
        D:1 |      39 |       0 |   0.0 |      22 |       0 |   0.0
        D:2 |      60 |       2 |   3.2 |      24 |       1 |   4.0
        D:3 |      72 |       0 |   0.0 |      20 |       0 |   0.0
        D:4 |     196 |       0 |   0.0 |      19 |       0 |   0.0
        D:5 |    1082 |     140 |  11.5 |      25 |       9 |  26.5
        D:6 |     674 |       0 |   0.0 |      14 |       0 |   0.0
            +---------+---------+-------+---------+---------+-------
